 Dungeon Crawl Stone Soup version 0.20-a0-1020-g7b9e4fe (webtiles) character file.

187 inmateoo the Sneak (level 5, -4/36 HPs)
             Began as a Barachi Assassin on Apr 18, 2017.
             Was a Follower of Hepliaklqana.
             Killed from afar by an orc wizard (7 damage)
             ... with a magic dart
             ... on level 4 of the Dungeon.
             The game lasted 00:05:13 (2292 turns).

inmateoo the Sneak (Barachi Assassin)               Turns: 2292, Time: 00:05:15

Health: -4/36      AC:  7    Str: 13    XL:     5   Next: 66%
Magic:  4/5        EV: 12    Int: 11    God:    Hepliaklqana [*.....]
Gold:   160        SH:  0    Dex: 14    Spells: 4/4 levels left

rFire    . . .     SeeInvis .   a - +0 dagger (venom)
rCold    . . .     Gourm    .   (no shield)
rNeg     . . .     Faith    .   l - +0 leather armour
rPois    .         Spirit   .   (no helmet)
rElec    .         Reflect  .   d - +0 cloak
rCorr    .         Harm     .   r - +1 pair of gloves
MR       .....                  y - +0 pair of boots
Stlth    ++........             (no amulet)
Regen    0.2/turn               j - ring of wizardry
MPRegen  0.1/turn               (no ring)

@: drained, slow
A: +LOS, swims, reduced essence, slowness 1, strong legs 1
a: Hop, Recall Ancestor, Ancestor Identity, Renounce Religion


You were on level 4 of the Dungeon.
You worshipped Hepliaklqana.
Hepliaklqana was aware of your devotion.
You were not hungry.

You visited 1 branch of the dungeon, and saw 4 of its levels.

You collected 160 gold pieces.

Inventory:

Hand Weapons
 a - a +0 dagger of venom (weapon)
 b - a +0 blowgun
 h - a +2 dagger of speed
Missiles
 e - 8 poisoned needles
 f - 2 curare-tipped needles
Armour
 d - a +0 cloak (worn)
 l - a +0 leather armour (worn)
 r - a +1 pair of gloves (worn)
 y - a +0 pair of boots (worn)
Jewellery
 j - a ring of wizardry (left hand)
Wands
 z - a wand of iceblast (2/15)
Scrolls
 m - a scroll of enchant armour
 o - 2 scrolls of magic mapping
 v - a scroll of teleportation
 x - 2 scrolls of remove curse
 B - a scroll of recharging {unknown}
Potions
 c - a potion of brilliance {unknown}
 n - 2 potions of heal wounds {unknown}
 p - a potion of agility {unknown}
 q - 3 potions of curing {unknown}
 s - 2 potions of haste {unknown}
 t - a potion of mutation {unknown}
 u - a potion of invisibility {unknown}
 A - a potion of cancellation
Comestibles
 g - 2 bread rations
 i - 3 royal jellies
 k - a meat ration
 w - 4 fruits


   Skills:
 + Level 3.2(2.6) Fighting
 * Level 3.7(3.1) Short Blades
 + Level 2.9(2.3) Throwing
 + Level 2.3(1.7) Dodging
 * Level 4.6(4.0) Stealth


You had 4 spell levels left.
You didn't know any spells.

Dungeon Overview and Level Annotations

Branches:
Dungeon (4/15)
 Temple: D:4-7

Altars:
Ashenzari
Hepliaklqana
Kikubaaqudgha
Sif Muna
Trog
Zin


Innate Abilities, Weirdness & Mutations

Shadows flee at your approach. (+LOS)
You can swim through water.
You cover ground slowly.
You can hop short distances.
Your life essence is reduced. (-10% HP)


Message History

The orc wizard closely misses Nindada.
Nindada hits the frilled lizard.
You hit the frilled lizard but do no damage.
The frilled lizard is poisoned.
The frilled lizard is heavily wounded.
The frilled lizard bites you but does no damage.
Nindada misses the frilled lizard.
The orc wizard closely misses Nindada.
You barely miss the frilled lizard.
The frilled lizard is heavily wounded.
The frilled lizard bites you but does no damage.
Unknown command.
You kill the frilled lizard!
The orc wizard casts a spell.
The orc wizard seems to speed up.
Nindada hits the orc wizard.
The orc wizard gestures at you while chanting.
The magic dart hits you!
* * * LOW HITPOINT WARNING * * *
Nindada closely misses the orc wizard.
The orc wizard casts a spell at you. The magic dart hits you!
You die...

.#
##########.##
.oo.o....o..#
...o.l..ol..#
#########R#.#
#.#.# #.#.#
########.#.#
#.....@[o).#
#.##...R.[.#
#.##.###.###
#.##.# #.#
#.##.# #.#
#.##.# #.#
#.##.# #.#
#.##.# #.# #
#####.##.###.#


You could see the friendly Nindada the ancestor and an orc wizard.

Vanquished Creatures
  A hound (D:4)
  An orc wizard (D:4)
  A centaur skeleton (D:4)
  2 adders (D:2)
  2 worms
  A leopard gecko (D:2)
  An orc (D:3)
  3 bats
  3 giant cockroaches
  6 goblins
  5 hobgoblins
  2 quokkas
  7 frilled lizards
  7 kobolds
  7 rats
49 creatures vanquished.

Vanquished Creatures (collateral kills)
  An orc priest (D:4)
1 creature vanquished.

Grand Total: 50 creatures vanquished

Notes
Turn   | Place    | Note
-------+----------+-------------------------------------------
     0 | D:1      | inmateoo the Barachi Assassin began the quest for the Orb.
     0 | D:1      | Reached XP level 1. HP: 17/17 MP: 1/1
   246 | D:1      | Reached XP level 2. HP: 19/23 MP: 2/2
   564 | D:2      | Reached XP level 3. HP: 21/28 MP: 3/3
   833 | D:2      | Found a deep blue altar of Sif Muna.
   836 | D:2      | Found a glowing silver altar of Zin.
   839 | D:2      | Found an ancient bone altar of Kikubaaqudgha.
   851 | D:2      | Found a bloodstained altar of Trog.
  1064 | D:2      | Reached skill level 4 in Stealth
  1414 | D:2      | Found a shattered altar of Ashenzari.
  1415 | D:2      | Found a hazy altar of Hepliaklqana.
  1548 | D:2      | Became a worshipper of Hepliaklqana the Forgotten
  1840 | D:3      | Reached XP level 4. HP: 30/30 MP: 4/4
  2243 | D:4      | Reached * piety under Hepliaklqana
  2266 | D:4      | Reached XP level 5. HP: 23/36 MP: 5/5
  2292 | D:4      | Killed from afar by an orc wizard

Vault maps used:
D:1:      lemuel_arrival_behind_the_door_large
D:2:      grunt_temple_overflow_cloverleaf, gammafunk_temple_overflow_statue,
          grunt_decor_cap
D:3:      first_bread
D:4:      nemelex_xobeh_ov_fountains_minmay, kennysheep_generic_room_3

Skill      XL: |  1  2  3  4 |
---------------+-------------+-----
Short Blades   | 3 |  3.7
Stealth        | 4 |  4.6
Dodging        | 2 |  2.3
Fighting       | 3 |  3.2
Throwing       | |  2.9

Action                   |  1- 3 |  4- 6 || total
-------------------------+-------+-------++-------
Melee: Dagger            |    99 |    55 ||   154
Invok: Recall Ancestor   |       |     1 ||     1
 Abil: Hop               |     1 |       ||     1
  Use: Scroll            |     8 |     1 ||     9
 Stab: Sleeping          |    12 |     3 ||    15
  Eat: Chunk             |     3 |     2 ||     5
Armor: Robe              |     2 |       ||     2
       Leather armour    |    12 |     8 ||    20
Dodge: Dodged            |    47 |    26 ||    73
